 Dungeon Crawl Stone Soup version 0.18-a0-1764-gf4ddf0b (webtiles) character file.

245 Ratboiler the Twirler (level 6, 45/45 HPs)
             Began as an Octopode Wanderer on Apr 13, 2016.
             Was a Follower of Ashenzari.
             Quit the game on level 4 of the Dungeon.
             The game lasted 00:03:54 (2935 turns).

Ratboiler the Twirler (Octopode Wanderer)           Turns: 2935, Time: 00:03:55

Health: 45/45      AC:  1    Str: 11    XL:     6   Next: 10%
Magic:  6/6        EV: 12    Int: 14    God:    Ashenzari [*.....]
Gold:   125        SH:  0    Dex: 14    Spells: 0 memorised, 5 levels left

rFire  . . .     SeeInvis .     a - +2 quarterstaff
rCold  + . .     Gourm    .     (shield currently unavailable)
rNeg   . . .     Faith    .     (helmet restricted)
rPois  .         Spirit   .     (no amulet)
rElec  .         Dismiss  .     h - ring of protection from cold
rCorr  .         Reflect  .     (no ring)
SustAt .         Harm     .     (no ring)
MR     .....                    (no ring)
Stlth  +++.......               (no ring)
                                (no ring)
                                (no ring)
                                (no ring)

@: not resistant to hostile enchantments, fairly stealthy
A: almost no armour, amphibious, 8 rings, constrict 8, camouflage 1, gelatinous
body 1
a: Curse Item, Scrying, Renounce Religion


You were on level 4 of the Dungeon.
You worshipped Ashenzari.
Ashenzari was aware of your devotion.
You were not hungry.

You visited 1 branch of the dungeon, and saw 4 of its levels.

You collected 125 gold pieces.

Inventory:

Hand Weapons
 a - a +2 quarterstaff (weapon)
 b - a +0 hunting sling
 r - a +0 blowgun
Missiles
 k - 5 needles of confusion
 l - 115 stones (quivered)
 s - 11 poisoned needles
Jewellery
 h - a ring of protection from cold (left tentacle)
Scrolls
 c - 2 scrolls of teleportation
 e - a scroll of amnesia {unknown}
 j - a scroll of recharging {unknown}
 m - 2 scrolls of identify {unknown}
 o - a scroll of fog {unknown}
Potions
 d - a potion of heal wounds {unknown}
 f - 3 potions of curing
 g - a potion of berserk rage {unknown}
 i - a potion of flight {unknown}
 p - 2 potions of agility {unknown}
 q - a potion of lignification {unknown}
Comestibles
 n - 2 meat rations


   Skills:
 - Level 5.0 Fighting
 + Level 6.2 Staves
 - Level 1.0 Dodging
 - Level 1.3 Stealth
   Level 1.1 Evocations


You had 5 spell levels left.
You didn't know any spells.

Dungeon Overview and Level Annotations

Branches:
Dungeon (4/15)
 Temple: D:4-7

Altars:
Ashenzari

Annotations:
D:3 ThereIsNoGod's ghost, amateur DsAK


Innate Abilities, Weirdness & Mutations

You cannot wear most types of armour.
You are amphibious.
You can wear up to eight rings at the same time.
You can use your tentacles to constrict eight enemies at once.
Your skin changes colour to match your surroundings (Stealth).
Your rubbery body absorbs attacks (AC +1).


Message History

b - a +0 hunting sling (weapon)
Firing (i - inventory):
l - 116 stones (quivered)
Press: ? - help, Shift-Dir - straight line, f - phantom
Aim: a phantom (almost destroyed)
You shoot a stone. The stone hits the phantom.
You destroy the phantom!
Your Staves skill increases to level 6!
You have reached level 6!
Your experience leads to an increase in your attributes!
Increase (S)trength, (I)ntelligence, or (D)exterity?
You feel agile.
a - a +2 quarterstaff (weapon)
You start resting.
HP restored.
o - a scroll labeled IXYTTA GIZODO Saving game... please wait.
Welcome back, Ratboiler the Octopode Wanderer.
Ashenzari says: Partake of my vision.
Partake of my curse.
Press ? for a list of commands and other information.
Are you sure you want to abandon this character and quit the game? (Confirm with "yes".)

####....#.........###
#..
#....#####......###
## ##. ...#####
##....## ##... ##
##.....## ####.##
##..... ........#
#..# ###.......
........#
##.###.........
........#
#..#..........
........#
##............
.......†#
#.@...........
.......##
#.............
.......#
##............
..<...##
##........... ......#
#........... .....##
##.......... ....#
#..#...... ...#
##.###... ..# #..


There were no monsters in sight!

Vanquished Creatures
  A phantom (D:4)
  A howler monkey (D:4)
  2 orc wizards (D:4)
  An adder (D:2)
  A dart slug (D:1)
  2 giant geckos
  3 orcs (D:4)
  5 giant cockroaches
  5 goblins
  4 hobgoblins
  4 jackals (D:2)
  4 kobolds
  4 quokkas
  A ball python (D:2)
  3 bats
  7 giant newts
  A quokka skeleton (D:4)
  4 rats
53 creatures vanquished.

Notes
Turn   | Place    | Note
--------------------------------------------------------------
     0 | D:1      | Ratboiler the Octopode Wanderer began the quest for the Orb.
     0 | D:1      | Ratboiler set off with: a +2 quarterstaff, a potion of curing, a scroll of teleportation, a bread ration
     0 | D:1      | Reached XP level 1. HP: 18/18 MP: 1/1
   198 | D:1      | Reached XP level 2. HP: 21/24 MP: 2/2
   487 | D:1      | Reached skill level 3 in Staves
   807 | D:2      | Reached XP level 3. HP: 29/29 MP: 3/3
   824 | D:2      | Found a faded altar to an unknown god.
   841 | D:2      | Became a worshipper of Ashenzari the Shackled
   841 | D:2      | Reached * piety under Ashenzari
  1249 | D:2      | Reached skill level 4 in Staves
  1792 | D:3      | Noticed ThereIsNoGod's ghost (amateur DsAK)
  2170 | D:4      | Noticed a phantom
  2185 | D:4      | Reached XP level 4. HP: 24/35 MP: 4/4
  2412 | D:4      | Reached skill level 5 in Staves
  2412 | D:4      | Reached XP level 5. HP: 34/39 MP: 5/5
  2668 | D:4      | Killed a phantom
  2668 | D:4      | Reached skill level 6 in Staves
  2668 | D:4      | Reached XP level 6. HP: 5/45 MP: 6/6
  2935 | D:4      | Quit the game

Vault maps used:
D:1:      dpeg_arrival_rooms_a, minivault_24
D:2:      serial_forest, infiniplex_forest_clump_long,
          infiniplex_forest_corner_1, infiniplex_forest_clump_double,
          infiniplex_forest_end_3, infiniplex_forest_lined_4_way,
          infiniplex_forest_straight_2, infiniplex_forest_end_1,
          infiniplex_forest_3_way, infiniplex_forest_straight_2,
          infiniplex_forest_clump_medium, ecumenical_altar_1
D:3:      minmay_door_path, okawaru_ov_weapons_minmay

Skill      XL: |  1  2  3  4  5 |
---------------+----------------+-----
Staves         | 3 4 5 6 |  6.2
Fighting       | |  5.0
Dodging        | |  1.0
Stealth        | |  1.3
Evocations     | |  1.1

Action                   |  1- 3 |  4- 6 || total
-------------------------+-------+-------++-------
Melee: Quarterstaff      |    67 |    40 ||   107
       Constrict         |    16 |     5 ||    21
       Tentacles         |     7 |     5 ||    12
 Fire: Hunting sling     |       |     1 ||     1
 Stab: Sleeping          |     8 |     1 ||     9
  Eat: Chunk             |     2 |       ||     2
       Royal jelly       |     1 |       ||     1
       Bread ration      |       |     1 ||     1
Armor: Skin              |       |     1 ||     1
Dodge: Dodged            |    46 |    19 ||    65
